 Dungeon Crawl Stone Soup version 0.27-a0-1184-ge86db4a01e (webtiles) character file.

Game seed: 17427220796069302201

11210 ZappyNine the Grappler (level 11, -10/126 HPs)
             Began as a Troll Transmuter on May 18, 2021.
             Was a Follower of Dithmenos.
             Mangled by a troll (12 damage)
             ... on level 9 of the Dungeon.
             The game lasted 00:17:08 (10233 turns).

ZappyNine the Grappler (Troll Transmuter)          Turns: 10233, Time: 00:17:08

Health: -10/126    AC:  6    Str: 20    XL:     11   Next: 46%
Magic:  3/11       EV: 11    Int: 18    God:    Dithmenos [*.....]
Gold:   498        SH:  0    Dex: 10    Spells: 6/14 levels left

rFire    x . .     SeeInvis .     - Unarmed
rCold    + + +     Faith    .   (shield currently unavailable)
rNeg     . . .     Spirit   .   (armour currently unavailable)
rPois    +         Reflect  .   (helmet currently unavailable)
rElec    .         Harm     .   (cloak currently unavailable)
rCorr    .         Rampage  .   (gloves unavailable)
Will     .....                  (boots unavailable)
Stlth    +.........             (no amulet)
HPRegen  1.31/turn              a - +6 ring of intelligence
MPRegen  0.12/turn              o - ring of wizardry

@: lit by a corona, ice-form, attractive, glowing
A: freezing attack, amphibious, boosted hp, large, unfitting armour, (claws 3),
regeneration 1, (shaggy fur 1), (tough skin 1), low mp 1
a: End Transformation, Renounce Religion


You were on level 9 of the Dungeon.
You worshipped Dithmenos.
Dithmenos was aware of your devotion.
You were a creature of crystalline ice.
You visited 2 branches of the dungeon, and saw 10 of its levels.

You collected 498 gold pieces.

Inventory:

Hand Weapons
 q - the +4 spear of Equivalence (melded) {vorpal, rF+ rC+ Int+4}
   (You took it off Dowan on level 4 of the Dungeon)

   It inflicts extra damage upon your enemies.
   It affects your intelligence (+4).
   It protects you from fire.
   It protects you from cold.
Missiles
 r - 2 throwing nets
Armour
 c - a scarf of repulsion (melded)
 h - a +1 robe
 k - +0 steam dragon scales (melded)
Jewellery
 a - a +6 ring of intelligence (left front paw)
 l - a +4 ring of evasion
 m - a ring of protection from fire
 o - a ring of wizardry (right front paw)
 u - an amulet of guardian spirit
Wands
 t - a wand of acid (6)
 w - a wand of iceblast (8)
Scrolls
 b - 3 scrolls of amnesia
 d - 5 scrolls of identify
 g - 4 scrolls of enchant weapon
 p - 2 scrolls of teleportation
 s - a scroll of fear
 v - a scroll of fog {unknown}
Potions
 e - 2 potions of flight
 f - a potion of brilliance
 j - a potion of resistance


   Skills:
 + Level 6.2 Fighting
 + Level 6.4 Dodging
 * Level 4.0 Stealth
 + Level 9.2 Unarmed Combat
 - Level 2.1 Spellcasting
 - Level 2.5 Transmutations
 - Level 5.2 Ice Magic
 - Level 4.8 Poison Magic


You had 6 spell levels left.
You knew the following spells:

 Your Spells              Type           Power      Damage    Failure   Level
a - Beastly Appendage     Tmut           22%        N/A       2%          1
b - Spider Form           Tmut/Pois      7%         N/A       4%          3
c - Ice Form              Ice/Tmut       15%        N/A       14%         4

Your spell library contained the following spells:

 Spells                   Type           Power      Damage    Failure   Level
 Wereblood                Tmut           11%        N/A       4%          2
 Passwall                 Tmut/Erth      5%         N/A       6%          2
 Sandblast                Erth           2%         2d4       8%          1
 Stone Arrow              Conj/Erth      2%         3d7       21%         3
 Petrify                  Tmut/Erth      6%         N/A       38%         4
 Hydra Form               Tmut           5%         N/A       54%         5
 Lee's Rapid Deconstruct  Erth           0%         3d5*      86%         5


Dungeon Overview and Level Annotations

Branches:
Dungeon (9/15)             Temple (1/1) D:7            Lair (0/6) D:8
    Orc: D:9-12

Altars:
Ashenzari
Dithmenos
Elyvilon
Fedhas
Gozag
Hepliaklqana
Kikubaaqudgha
Makhleb
Nemelex Xobeh
Okawaru
Qazlal
Ru
Sif Muna
Trog
Uskayaw
Vehumet
Wu Jian
Xom
Yredelemnul
Zin
The Shining One

Shops:
D:6 (*


Innate Abilities, Weirdness & Mutations

You are a creature of crystalline ice.
You have a powerful freezing melee attack.
You are amphibious.
Your maximum health is increased.
Your armour is entirely melded.
You are incapable of wielding weapons or throwing items.
You are too large for most types of armour.
((You have claws for hands.))
Your natural rate of healing is unusually fast.
((You are covered in fur. (AC +1)))
((You have tough skin. (AC +1)))
Your magical capacity is low. (-10% MP)


Message History

Unknown command.
You hit the troll. You freeze the troll.
The troll is heavily wounded.
The troll bites you but does no damage. The troll claws you. x2
The gnoll shaman barely misses you.
Unknown command.
You completely miss the troll.
The troll is heavily wounded.
The gnoll shaman hits you with a +0 whip!
The troll barely misses you. The troll claws you but does no damage.
The troll claws you.
Unknown command.
You barely miss the troll.
The troll is heavily wounded.
The gnoll shaman hits you with a +0 whip.
The troll barely misses you. x2; The troll claws you!
Unknown command.
You barely miss the troll.
The troll is heavily wounded.
The troll bites you!
* * * LOW HITPOINT WARNING * * *
The troll misses you. x2
Unknown command.
The troll bites you.
* * * LOW HITPOINT WARNING * * *
The troll claws you.
* * * LOW HITPOINT WARNING * * *
The troll claws you.
* * * LOW HITPOINT WARNING * * *
Unknown command.
It was a potion of attraction.
You feel attractive to monsters. The troll bites you!
* * * LOW HITPOINT WARNING * * *
The troll closely misses you. x2
You feel better.
The two-headed ogre hits you with a +0 dire flail!
* * * LOW HITPOINT WARNING * * *
The two-headed ogre misses you. The troll bites you!
You die...

.......... #...#
..#####..... #...#
......#..... #...#
......#...... #...#
#######...... #...###### .
......######........# .
..............).....# .
.......)g.......))..# .
........TY.........)# .
........O...........# .
....................# .
....................######
.
..................).)....#
≈
..≈≈≈≈≈≈≈≈≈≈≈≈≈≈≈≈≈≈≈)..P#
≈
..≈≈≈≈≈≈≈≈≈≈≈≈≈≈≈≈≈≈≈....#
≈
..≈≈≈≈≈≈≈≈≈≈≈≈#####≈≈....#
.............#...#≈≈....#


You could see a two-headed ogre, a troll and a gnoll shaman.

Vanquished Creatures
  A hydra (D:7)
  Erica (D:8)
  Harold (D:7)
  2 two-headed ogres
  Pikel (D:6)
  An ugly thing (D:6)
  Maggie (D:6)
  A kobold demonologist (D:9)
  A troll (D:9)
  4 yaks
  4 humans
  9 wargs (D:9)
  Menkaure (D:5)
  Edmund (D:6)
  A hell hound (D:9)
  A water moccasin (D:7)
  Duvessa (D:4)
  4 orc warriors
  2 black bears
  An ice beast (D:6)
  An ogre (D:5)
  A sky beast (D:5)
  A necrophage (D:5)
  3 phantoms (D:5)
  5 centaurs
  A lemure (D:6)
  A bullfrog (D:7)
  3 kobold brigands
  2 gnoll sergeants (D:9)
  2 scorpions
  A wyvern zombie (D:8)
  Dowan (D:4)
  A water moccasin zombie (D:5)
  5 wights (D:9)
  5 howler monkeys
  2 centaur zombies
  7 hounds
  A jelly (D:5)
  A bullfrog skeleton (D:5)
  2 gnoll shamans
  2 orc priests
  2 centaur skeletons (D:7)
  3 iguanas
  7 orc wizards
  5 adders
  5 gnolls (D:8)
  A shadow imp (D:6)
  4 white imps (D:7)
  An ufetubus (D:6)
  An adder skeleton (D:4)
  2 dart slugs (D:3)
  15 orcs
  4 endoplasms
  3 giant cockroaches
  6 goblins
  4 hobgoblins
  15 kobolds
  A quokka (D:5)
  2 ball pythons
  A bat (D:1)
  6 rats
175 creatures vanquished.

Vanquished Creatures (others)
  A quokka (D:6)
  8 plants
9 creatures vanquished.

Grand Total: 184 creatures vanquished

Notes
Turn   | Place    | Note
-------+----------+-------------------------------------------
     0 | D:1      | ZappyNine the Troll Transmuter began the quest for the Orb.
     0 | D:1      | Reached XP level 1. HP: 18/18 MP: 1/1
   769 | D:2      | Reached XP level 2. HP: 22/26 MP: 2/2
   880 | D:2      | Reached skill level 4 in Unarmed Combat
   880 | D:2      | Reached XP level 3. HP: 27/32 MP: 1/3
  1435 | D:3      | Reached skill level 5 in Unarmed Combat
  1435 | D:3      | Reached XP level 4. HP: 23/40 MP: 4/4
  2050 | D:4      | HP: 1/60 [orc wizard/puff of flame (6)]
  2052 | D:4      | Reached XP level 5. HP: 2/46 MP: 6/6
  2366 | D:4      | Identified the +4 spear of Equivalence {vorpal, rF+ rC+
                  | Int+4}
  2366 | D:4      | Noticed Dowan
  2369 | D:4      | Noticed Duvessa
  2491 | D:3      | Learned a level 3 spell: Spider Form
  2503 | D:4      | Killed Duvessa
  2504 | D:4      | Reached skill level 1 in Poison Magic
  2504 | D:4      | Reached XP level 6. HP: 35/54 MP: 2/8
  2668 | D:4      | Killed Dowan
  2905 | D:5      | Entered Level 5 of the Dungeon
  2952 | D:4      | Reached XP level 7. HP: 24/61 MP: 5/9
  3358 | D:5      | Reached skill level 1 in Fighting
  3375 | D:5      | Reached XP level 8. HP: 68/70 MP: 5/10
  3385 | D:5      | Noticed Menkaure
  3462 | D:4      | Learned a level 4 spell: Ice Form
  3530 | D:4      | Gained mutation: Your magical capacity is low. (-10% MP)
                  | [mutagenic glow]
  3607 | D:5      | Killed Menkaure
  3692 | D:5      | Reached skill level 6 in Unarmed Combat
  4090 | D:6      | Noticed Pikel
  4105 | D:6      | Killed Pikel
  4106 | D:6      | Reached XP level 9. HP: 65/84 MP: 7/9
  4285 | D:6      | Reached skill level 7 in Unarmed Combat
  4466 | D:6      | Found a white marble altar of Elyvilon.
  4553 | D:6      | Found Tunof's Assorted Antiques.
  4562 | D:6      | Found Qinkioma's Weapon Boutique.
  4846 | D:6      | Noticed Edmund
  4860 | D:6      | Killed Edmund
  5072 | D:6      | Noticed Maggie
  5092 | D:6      | Killed Maggie
  5334 | D:6      | Noticed a purple ugly thing
  5371 | D:6      | Killed a cyan ugly thing
  5372 | D:6      | Reached skill level 5 in Dodging
  5541 | D:7      | Reached skill level 1 in Ice Magic
  5680 | D:7      | Noticed Harold
  5697 | D:7      | Killed Harold
  5698 | D:7      | Reached XP level 10. HP: 77/94 MP: 3/10
  5848 | D:7      | Found a staircase to the Ecumenical Temple.
  5955 | Temple   | Entered the Ecumenical Temple
  6240 | Temple   | Became a worshipper of Dithmenos the Shadowed
  6284 | D:7      | Found a sparkling altar of Nemelex Xobeh.
  6285 | D:7      | Found a radiant altar of Vehumet.
  6410 | D:7      | Noticed a seven-headed hydra
  6429 | D:7      | Killed a seven-headed hydra
  6430 | D:7      | Reached skill level 5 in Ice Magic
  6575 | D:7      | Identified a scroll of acquirement
  6575 | D:7      | Acquired a scarf of repulsion
  6629 | D:7      | Found a hide-covered altar of Uskayaw.
  7061 | D:8      | Reached skill level 5 in Fighting
  7279 | D:8      | Found an iron altar of Okawaru.
  7499 | D:8      | Reached skill level 8 in Unarmed Combat
  7506 | D:7      | Reached skill level 1 in Stealth
  7634 | D:8      | Found a staircase to the Lair.
  7649 | D:8      | Noticed Erica
  7662 | D:8      | Killed Erica
  7908 | D:8      | Noticed a two-headed ogre
  7952 | D:8      | Killed a two-headed ogre
  8981 | D:9      | Reached XP level 11. HP: 31/105 MP: 8/11
  9192 | D:9      | Reached * piety under Dithmenos
  9808 | D:9      | Noticed a two-headed ogre
  9819 | D:9      | Killed a two-headed ogre
  9820 | D:9      | Reached skill level 9 in Unarmed Combat
  9892 | D:9      | Noticed a sixfirhy
 10222 | D:9      | Noticed a two-headed ogre
 10232 | D:9      | HP: 5/126 [troll (13)]
 10233 | D:9      | HP: 2/126 [two-headed ogre/+0 dire flail (14)]
 10233 | D:9      | Mangled by a troll

Illustrated notes

Levels and vault maps discovered:
D:1:      evilmike_arrival_hilbert_curve, layout_basic
D:2:      layout_rooms, minmay_cut_off
D:3:      layout_rooms, minmay_crystal_water
D:4:      layout_rooms, uniq_duvessa
D:5:      layout_cave_pools, grunt_decor_one_mirror, minivault_23, uniq_menkaure
D:6:      layout_basic, elyvilon_altar_4, serial_shops, shop,
          nicolae_shop_competitors_out_of_business, patterned_corridor,
          uniq_edmund, uniq_pikel, uniq_maggie
D:7:      layout_basic, nicolae_uskayaw_dance_hall,
          gammafunk_temple_overflow_pools, minmay_temple_entry_gardened_gates,
          serial_co_window_serial, co_window_paths_a, co_window_corner_a,
          co_window_of_opportunity_a, co_window_corner_a, co_window_cross_1,
          co_window_corner_ca, co_window_unsneaky_path_a,
          co_window_unsneaky_path_a, co_window_unsneaky_path_d,
          co_window_corner_b, co_window_2corner, uniq_harold
D:8:      layout_basic, okawaru_ov_weapons_minmay, lair_entry_dummy,
          minivault_24, serial_park_tiny_pond, nicolae_water_bricks,
          minmay_ruffians, uniq_erica
D:9:      lemuel_castle_with_subvaults [lemuel_castle_interior_carwin_2],
          layout_irregular_city, minmay_curled_crystal,
          kennysheep_generic_room_10
Temple:   regret_index_temple_sphere_string

Skill      XL: |  1  2  3  4  5  6  7  8  9 10 11 |
---------------+----------------------------------+-----
Unarmed Combat | 4 5 6 7 8 9 |  9.2
Transmutations | 2 |  2.5
Spellcasting   | 2 |  2.1
Poison Magic   | 1 3 4 |  4.8
Fighting       | 1 3 4 5 6 |  6.2
Dodging        | 2 4 5 6 |  6.4
Ice Magic      | 4 5 |  5.2
Stealth        | 2 4 |  4.0

Action                   |  1- 3 |  4- 6 |  7- 9 | 10-12 || total
-------------------------+-------+-------+-------+-------++-------
Melee: Unarmed           |    51 |    83 |   171 |   269 ||   574
       Kick              |     3 |     6 |       |       ||     9
       Headbutt          |       |     3 |       |       ||     3
       Punch             |       |     2 |       |     2 ||     4
       Spear             |       |    33 |    47 |    67 ||   147
 Cast: Beastly Appendage |    11 |     4 |       |       ||    15
       Spider Form       |       |     3 |    23 |    12 ||    38
       Ice Form          |       |       |     3 |    18 ||    21
  Use: Potion            |       |     2 |     3 |     5 ||    10
       Scroll            |       |       |     8 |     2 ||    10
 Stab: Sleeping          |     1 |     1 |       |     1 ||     3
Armor: Robe              |    18 |    21 |     7 |       ||    46
       Skin              |       |       |    13 |    42 ||    55
       Steam dragon scal |       |       |       |    26 ||    26
Dodge: Dodged            |    13 |    62 |   173 |   294 ||   542
       Repelled          |       |       |       |     1 ||     1

Table legend: (Time is in decaauts)
 A = Elapsed time spent in this place.
 B = Non-inter-level travel time spent in this place.
 C = Inter-level travel time spent in this place.
 D = Time resting spent in this place.
 E = Time spent auto-exploring this place.
 F = Levels seen in this place.
 G = Mean time per level.
                   A        B        C        D        E       F      G
               +--------+--------+--------+--------+--------+-----+--------+
         Total |  10192 |   9937 |    255 |   2323 |   5748 |  10 | 1019.2 |
       Dungeon |   9897 |   9652 |    245 |   2223 |   5600 |   9 | 1099.7 |
        Temple |    295 |    285 |     10 |    100 |    148 |   1 |  295.0 |
               +--------+--------+--------+--------+--------+-----+--------+

Top non-repeatable levels by time:
     D:8: 1741 daAuts
     D:6: 1432 daAuts
     D:7: 1413 daAuts
     D:9: 1246 daAuts
     D:4: 1043 daAuts
     D:3: 841 daAuts
     D:5: 771 daAuts
     D:1: 761 daAuts
     D:2: 647 daAuts
  Temple: 295 daAuts
